 Dungeon Crawl Stone Soup version 0.29.1-4-g47bece8355 (webtiles) character file.

Game seed: 1925082636644162905

4841 H0rd4k the Martial Artist (level 10, -4/67 HPs)
             Began as an Octopode Artificer on Dec 2, 2022.
             Was an Initiate of Gozag.
             Slain by an orc warrior
             ... wielding a +0 dire flail
              (7 damage)
             ... on level 8 of the Dungeon.
             The game lasted 00:18:57 (13350 turns).

H0rd4k the Martial Artist (Octopode Artificer)     Turns: 13350, Time: 00:18:57

Health: -4/67      AC:  2    Str: 11    XL:     10   Next: 49%
Magic:  16/18      EV: 19    Int: 18    God:    Gozag
Gold:   1542       SH:  0    Dex: 18    Spells: 13/20 levels left

rFire   + + .      SeeInvis +     - Unarmed
rCold   . . .      Faith    .   (shield currently unavailable)
rNeg    . . .      Spirit   .   (helmet currently unavailable)
rPois   .          Reflect  .   (no amulet)
rElec   .          Harm     .   m - ring of flight
rCorr   .          Rampage  .   b - ring of fire
Will    .....                   w - ring of protection from cold
Stlth   ++........              x - ring of protection from fire
HPRegen 0.21/turn               H - ring of poison resistance
MPRegen 0.16/turn               c - ring of see invisible
                                d - +4 ring of slaying
                                (no ring)

@: spider-form, flying
A: venomous fangs, almost no armour, (amphibious), 8 rings, tiny, (camouflage
1), (gelatinous body 1), (nimble swimmer 1), (tentacles)
a: End Transformation, Renounce Religion, Potion Petition, Call Merchant, Bribe
Branch


You were on level 8 of the Dungeon.
You worshipped Gozag.
Gozag was most pleased with you.
You were a venomous arachnid creature.
You visited 2 branches of the dungeon, and saw 10 of its levels.
You also visited: Ossuary.

You collected 1602 gold pieces.
You paid 60 gold pieces to Gozag.

Inventory:

Missiles
 o - 10 poisoned darts (quivered)
 E - 2 throwing nets
Magical Staves
 n - a staff of conjuration
Jewellery
 b - a ring of fire (right front leg)
 c - a ring of see invisible (on tentacle)
 d - a +4 ring of slaying (on tentacle)
 m - a ring of flight (left front leg)
 w - a ring of protection from cold (on tentacle)
 x - a ring of protection from fire (on tentacle)
 H - a ring of poison resistance (on tentacle)
Scrolls
 a - 7 scrolls of identify
 f - 3 scrolls of enchant armour {unknown}
 g - 3 scrolls of vulnerability
 h - 2 scrolls of fear {unknown}
 j - 2 scrolls of butterflies {unknown}
 l - 3 scrolls of blinking {unknown}
 p - 3 scrolls of enchant weapon {unknown}
 q - 4 scrolls of teleportation
 r - 2 scrolls of silence {unknown}
 v - 2 scrolls of amnesia {unknown}
 y - 2 scrolls of noise {unknown}
 D - 2 scrolls of immolation {unknown}
Potions
 e - 2 potions of degeneration
 i - 3 potions of brilliance
 k - 2 potions of flight
 s - 4 potions of magic {unknown}
 t - 3 potions of attraction {unknown}
 u - 2 potions of mutation
 z - 2 potions of haste {unknown}
 A - 2 potions of might {unknown}
 B - a potion of cancellation {unknown}
 F - a potion of lignification {unknown}
 G - a potion of ambrosia {unknown}


   Skills:
 + Level 5.6 Fighting
 + Level 2.4 Throwing
 - Level 2.3 Dodging
 - Level 1.3 Stealth
 + Level 10.3 Unarmed Combat
 * Level 5.8 Spellcasting
 + Level 4.1 Transmutations
 * Level 5.3 Poison Magic
 - Level 3.2 Evocations


You had 13 spell levels left.
You knew the following spells:

 Your Spells              Type           Power      Damage    Failure   Level
a - Spider Form           Tmut/Pois      22%        N/A       16%         3
b - Olgreb's Toxic Radia  Pois           24%        N/A       32%         4

Your spell library contained the following spells:

 Spells                   Type           Power      Damage    Failure   Level
 Beastly Appendage        Tmut           40%        N/A       9%          1
 Wereblood                Tmut           20%        N/A       11%         2
 Ice Form                 Ice/Tmut       12%        N/A       67%         4
 Hailstorm                Conj/Ice       5%         3d4       90%         4
 Passage of Golubria      Tloc           5%         N/A       90%         4
 Summon Ice Beast         Ice/Summ       5%         N/A       90%         4
 Fireball                 Conj/Fire      3%         3d4       99%         5
 Iskenderun's Battlesphe  Conj           5%         2d6       99%         5
 Silence                  Hex/Air        2%         N/A       99%         5
 Summon Mana Viper        Hex/Summ       5%         N/A       99%         5
 Iron Shot                Conj/Erth      2%         9d2       100%        6
 Starburst                Conj/Fire      3%         6d3       100%        6
 Monstrous Menagerie      Summ           2%         N/A       100%        7
 Ozocubu's Refrigeration  Ice            2%         4d8       100%        7
 Spellforged Servitor     Conj/Summ      2%         N/A       100%        7
 Ignition                 Fire           3%         3d4       100%        8
 Lehudib's Crystal Spear  Conj/Erth      2%         10d2      100%        8
 Simulacrum               Ice/Necr       Unusable   N/A       N/A         6

Dungeon Overview and Level Annotations

Branches:
Dungeon (9/15)             Temple (1/1) D:4            Lair (0/5) D:8
Ossuary (visited)
    Orc: D:9-12

Altars:
Ashenzari
Cheibriados
Dithmenos
Elyvilon
Fedhas
Gozag
Hepliaklqana
Kikubaaqudgha
Makhleb
Nemelex Xobeh
Okawaru
Qazlal
Ru
Trog
Uskayaw
Vehumet
Wu Jian
Xom
Yredelemnul
Zin

Shops:
D:2 (

Annotations:
D:3 1 runed translucent door, exclusion: door, Crazy Yiuf
D:4 exclusion: downstairs
D:6 exclusions: ice beast and upstairs, Menkaure
D:7 exclusion: hornet
D:8 exclusion: upstairs


Innate Abilities, Weirdness & Mutations

You are a venomous arachnid creature.
You have poisonous fangs.
You are tiny and dextrous.
Your spellcasting is less reliable in this form.
Your armour is entirely melded.
You are incapable of wielding weapons or throwing items.
You cannot wear most types of armour.
((You are amphibious.))
You can wear up to eight rings at the same time.
((Your skin changes colour to match your surroundings (Stealth+).))
((Your rubbery body absorbs attacks. (AC +1, EV +1)))
((You are camouflaged when in or above water. (Stealth+)))
((You have tentacles for arms and can constrict up to eight enemies at once.))


Message History

Your transformation is almost over.
Your transformation has ended.
An orc warrior is nearby!
An orc warrior is nearby!
An orc warrior is nearby!
Casting: Spider Form (dangerous; 5% risk of failure)
Confirm with . or Enter, or press ? or * to list all spells.
You turn into a venomous arachnid creature.
The orc warrior shouts!
The orc warrior misses you.
You bite the orc warrior!
The orc warrior is moderately wounded.
The orc warrior closely misses you.
You barely miss the orc warrior.
The orc warrior is moderately wounded.
The orc warrior barely misses you.
You hit the orc warrior.
The orc warrior is heavily wounded.
The orc warrior hits you with a +0 dire flail!!
You hit the orc warrior but do no damage.
The orc warrior is poisoned.
The orc warrior is heavily wounded.
The orc warrior barely misses you.
You barely miss the orc warrior.
The orc warrior is heavily wounded.
You barely miss the orc warrior.
The orc warrior is heavily wounded.
The orc warrior hits you with a +0 dire flail!
You hit the orc warrior.
The orc warrior looks even sicker.
The orc warrior is severely wounded.
The orc warrior hits you with a +0 dire flail!
* * * LOW HITPOINT WARNING * * *
You barely miss the orc warrior.
The orc warrior is almost dead.
The orc warrior hits you with a +0 dire flail!
* * * LOW HITPOINT WARNING * * *
The orc warrior attacks as you move away!
The orc warrior hits you with a +0 dire flail!
You die...
Your body crumbles into a pile of gold.

P...# #.# #.##.## ....## #.#
#.##... .PP..###.# #.##[..
..P.Y....# #.##..# ......##.#
#.##..# .....###.### #..)..#
...P.# #...### #######.#[...
.....# ###...########.......###.#
.....# ##.......so......###.# #.#
...[.###..##...###...##..##.# #.#
....[..#.###.#.#)#.#.###.##.###..
.#...#.#.###...#.#...###......###
.#[###.[....###...###....#####)#
.#.###....#.#.#.#.#.#.#..# #.#
..#.###.....##.#.#.##....# #.#
.###.###.###..#.#.#..###.#####.#
(.#..# #.#...#.#.#.#...#.......#


You could see an orc warrior (very poisoned).

Vanquished Creatures
  A kobold demonologist (D:9)
  8 yaks (D:8)
  2 steam dragons (D:8)
  A sky beast (D:7)
  5 orc warriors (D:8)
  2 black bears
  An ogre (D:4)
  2 centaurs
  Blork the orc (D:6)
  A gnoll sergeant (D:8)
  4 bullfrogs (D:8)
  A necrophage (D:6)
  4 scorpions
  5 wights (D:8)
  A killer bee (D:8)
  5 orc priests
  2 hounds
  3 human zombies (Ossuary)
  3 jellies
  2 iguanas
  10 orc wizards
  2 hound zombies (Ossuary)
  4 mummies (Ossuary)
  7 adders
  11 gnolls
  A shadow imp (D:7)
  A white imp (D:8)
  2 ufetubi
  An adder zombie (Ossuary)
  2 worms
  A dart slug (D:4)
  34 orcs
  3 bats
  10 endoplasms
  A giant cockroach (D:2)
  7 goblins
  3 hobgoblins
  3 jackals (D:1)
  5 kobolds
  2 quokkas
  6 ball pythons
  5 goblin zombies (Ossuary)
  A kobold zombie (Ossuary)
  11 rats
187 creatures vanquished.

Vanquished Creatures (collateral kills)
  A wight (D:8)
  An orc priest (D:6)
  2 gnolls (D:6)
  A worm (D:2)
  A dart slug (D:2)
  7 orcs
  A ball python (D:2)
  An endoplasm (D:2)
  A kobold (D:1)
16 creatures vanquished.

Vanquished Creatures (others)
  A black bear (D:6)
  A gnoll sergeant (D:6)
  A giant cockroach (D:1)
  A kobold (D:4)
  16 fungi
  19 plants (D:8)
39 creatures vanquished.

Grand Total: 242 creatures vanquished

Notes
Turn   | Place    | Note
-------+----------+-------------------------------------------
     0 | D:1      | H0rd4k the Octopode Artificer began the quest for the Orb.
     0 | D:1      | Reached XP level 1. HP: 13/13 MP: 1/1
   172 | D:1      | Reached XP level 2. HP: 19/19 MP: 2/2
   440 | D:1      | Found a faded altar of an unknown god.
   486 | D:1      | Reached skill level 1 in Spellcasting
   890 | D:2      | Reached XP level 3. HP: 11/24 MP: 4/4
  1327 | D:1      | HP: 1/24 [quokka (5)]
  1618 | D:2      | Reached skill level 1 in Unarmed Combat
  1818 | D:2      | Found Jihely's Antique Weapon Emporium.
  2340 | D:1      | Reached XP level 4. HP: 27/30 MP: 6/6
  3214 | D:3      | Found a glowing silver altar of Zin.
  3281 | D:3      | Reached skill level 2 in Unarmed Combat
  3642 | D:3      | Found a runed translucent door.
  3643 | D:3      | Noticed Crazy Yiuf
  3708 | D:3      | Reached XP level 5. HP: 36/36 MP: 8/8
  4246 | D:3      | Found the +1 Delatra's gloves {ID++}
  4437 | D:4      | Reached skill level 3 in Unarmed Combat
  4447 | D:4      | Reached XP level 6. HP: 33/42 MP: 9/9
  4874 | D:4      | Reached skill level 4 in Unarmed Combat
  4918 | D:4      | Found a staircase to the Ecumenical Temple.
  4952 | Temple   | Entered the Ecumenical Temple
  5012 | Temple   | Became a worshipper of Gozag Ym Sagoz the Greedy
  5049 | D:4      | Found a snail-covered altar of Cheibriados.
  5105 | D:4      | Found a bloodstained altar of Trog.
  5307 | D:5      | Entered Level 5 of the Dungeon
  5370 | D:5      | HP: 2/43 [centaur (6)]
  5372 | D:5      | Reached XP level 7. HP: 1/48 MP: 11/11
  6181 | D:5      | Reached skill level 5 in Unarmed Combat
  6212 | D:5      | Found a radiant altar of Vehumet.
  6706 | D:6      | Noticed a troll
  6871 | D:6      | Reached skill level 1 in Throwing
  6871 | D:6      | Reached XP level 8. HP: 10/54 MP: 13/13
  7147 | D:6      | Noticed Blork the orc
  7153 | D:6      | Killed Blork the orc
  7154 | D:6      | Reached skill level 6 in Unarmed Combat
  7257 | D:6      | Noticed Menkaure
  7374 | D:6      | Learned a level 3 spell: Spider Form
  7379 | D:6      | Learned a level 4 spell: Olgreb's Toxic Radiance
  7426 | D:6      | Found a burning altar of Makhleb.
  7432 | D:6      | Found a broken altar of Ashenzari.
  8038 | D:7      | Reached skill level 1 in Transmutations
  8189 | D:7      | Noticed a two-headed ogre
  8220 | D:7      | Noticed a hornet
  8271 | D:7      | Found a white marble altar of Elyvilon.
  8290 | D:7      | Reached skill level 7 in Unarmed Combat
  8290 | D:7      | Reached skill level 1 in Poison Magic
  8542 | D:7      | Found a sparkling altar of Nemelex Xobeh.
  8668 | D:8      | Noticed a yak
  8854 | D:8      | Reached skill level 5 in Fighting
  8865 | D:8      | Reached XP level 9. HP: 35/61 MP: 15/15
  8896 | D:8      | Found a sacrificial altar of Ru.
  8939 | D:8      | Found a sand-covered staircase.
  8945 | Ossuary  | Entered an ossuary
  9797 | D:8      | Reached skill level 8 in Unarmed Combat
 10586 | D:8      | Reached skill level 5 in Spellcasting
 10816 | D:8      | Reached skill level 9 in Unarmed Combat
 11263 | D:8      | Found a blossoming altar of Fedhas.
 11303 | D:8      | Reached XP level 10. HP: 51/66 MP: 15/18
 12622 | D:8      | Reached skill level 5 in Poison Magic
 12707 | D:8      | Found a staircase to the Lair.
 12801 | D:8      | Reached skill level 10 in Unarmed Combat
 13174 | D:9      | Noticed a kobold demonologist
 13182 | D:9      | Killed a kobold demonologist
 13349 | D:8      | HP: 3/67 [orc warrior/+0 dire flail (10)]
 13350 | D:8      | Slain by an orc warrior

Illustrated notes

Levels and vault maps discovered:
D:1:      shiori_arrival_elements, layout_basic,
          dreamdust_ecumenical_altar_statues
D:2:      layout_loops_cross, serial_shops, nicolae_shop_behind_doors
D:3:      layout_loops_ring, zin_scriptorium, minmay_misc_feat_plants,
          pf_guarded_unrand_delatra, uniq_crazy_yiuf_cottage
D:4:      layout_rooms, mainiacjoe_overflow_alcove_4, lightli_temple_of_fire,
          minmay_temple_entry_statues_fountains
D:5:      layout_loops_ring, lemuel_crystal_altar
D:6:      layout_loops_ring, old_standard_altar, nicolae_ashenzari_skybound,
          uniq_menkaure, uniq_blork_the_orc
D:7:      layout_cave_pools, kennysheep_mini, nemelex_diamond_rough_becter,
          elyvilon_altar_3, minmay_a_box_with_orc_wizards_in_it
D:8:      minmay_goldmine, layout_loops_ring, nicolae_overflow_crystal_walls,
          mainiacjoe_overflow_24_doors, grunt_lair_entry_orc_guard_hut,
          lightli_ossuary_entry_decrepit_ruins, minmay_starry_boxes
D:9:      layout_gridville, david_orc_5, minivault_19, hex_large
Temple:   zaba_magenta_temple

Skill      XL: |  1  2  3  4  5  6  7  8  9 10 |
---------------+-------------------------------+-----
Spellcasting   | 1 2 3 4 5 |  5.8
Fighting       | 2 3 4 5 |  5.6
Unarmed Combat | 1 2 3 4 5 7 9 10 | 10.3
Throwing       | 1 2 |  2.4
Transmutations | 2 3 4 |  4.1
Poison Magic   | 2 4 5 |  5.3
Dodging        | |  2.3
Stealth        | |  1.3
Evocations     | |  3.2

Action                   |  1- 3 |  4- 6 |  7- 9 | 10-12 || total
-------------------------+-------+-------+-------+-------++-------
Melee: Unarmed           |    80 |   112 |   309 |   108 ||   609
       Tentacles         |    22 |    27 |    71 |     5 ||   125
       Constrict         |    20 |    27 |    57 |     3 ||   107
       Punch             |       |     1 |    12 |       ||    13
Throw: Dart              |       |     2 |    23 |       ||    25
 Cast: Spider Form       |       |       |     6 |    12 ||    18
Evoke: Wand              |     3 |    18 |    14 |       ||    35
  Use: Scroll            |       |       |     7 |     1 ||     8
       Potion            |       |       |     2 |     2 ||     4
 Stab: Sleeping          |     6 |     9 |     4 |     1 ||    20
       Distracted        |     1 |       |       |     1 ||     2
Armor: Skin              |     9 |     5 |    12 |     1 ||    27
Dodge: Dodged            |    54 |    62 |   171 |    75 ||   362
